 Dungeon Crawl Stone Soup version 0.31-a0-981-geadf994542 (webtiles) character file.

Game seed: 317220243991973298

1473 lunkers the Grappler (level 9, -5/64 HPs)
             Began as a Meteoran Shapeshifter on Nov 1, 2023.
             Was a Follower of Nemelex Xobeh.
             Slain by an ogre
             ... wielding a +0 giant spiked club
              (17 damage)
             ... on level 6 of the Dungeon.
             The game lasted 00:08:27 (1603 turns).

lunkers the Grappler (Meteoran Shapeshifter)        Turns: 1603, Time: 00:08:27

Health: -5/64      AC:  3    Str: 17    XL:     9   Next: 27%
Magic:  14/14      EV: 12    Int: 13    God:    Nemelex Xobeh [*.....]
Gold:   78         SH:  0    Dex: 16    Spells: 8/8 levels left

rFire   . .          .
                       - Unarmed
rCold   . . .        (no shield)
rNeg    . . .        p - +0 troll leather armour {Pargi}
rPois   .            (helmet currently unavailable)
rElec   .            (cloak currently unavailable)
rCorr   .            (gloves currently unavailable)
SInv    .            (boots currently unavailable)
Will    +....        i - amulet of faith
Stlth   +            (no ring)
HPRegen 1.10/turn    (no ring)
MPRegen 0.14/turn

%: faith
@: beast-form, glowing
A: beast (slay +3), sense surroundings 2, otherworldly, glowing, explore regen
a: Begin Untransformation, Renounce Religion, Draw Escape, Draw Destruction,
Draw Summoning


You were on level 6 of the Dungeon.
You worshipped Nemelex Xobeh.
Nemelex Xobeh was aware of your devotion.
You were a hulking beast.
You visited 1 branch of the dungeon, and saw 5 of its levels.
You also visited: Sewer.

You collected 78 gold pieces.

Inventory:

Armour
 j - a +0 ring mail
 p - a +0 troll leather armour (worn) {Pargi}
Jewellery
 i - an amulet of faith (around neck)
 l - an amulet of guardian spirit
Talismans
 c - a beast talisman
 d - a flux talisman
Potions
 e - a potion of attraction
 k - a potion of ambrosia
 m - a potion of resistance {unknown}
 o - 3 potions of heal wounds
 r - 2 potions of magic
 s - a potion of degeneration {unknown}
 u - a potion of cancellation {unknown}


   Skills:
 - Level 1.1 Fighting
 - Level 2.1 Dodging
 * Level 9.9 Unarmed Combat
 + Level 6.2 Invocations
 + Level 6.9 Shapeshifting


You had 8 spell levels left.
You didn't know any spells.
Your spell library was empty.

Dungeon Overview and Level Annotations

Branches:
Dungeon (6/15) Zot: 1570    Sewer (visited)
 Temple: D:4-7

Altars:
Dithmenos
Nemelex Xobeh
Sif Muna

Shops:
D:2 !(*

Annotations:
D:3 Sigmund


Innate Abilities, Weirdness & Mutations

You are a hulking beast.
Your limbs bulge with bestial killing power. (Slay +3)
You passively map the area around you.
You are easily found by Zot.
You glow in the dark.
You regain HP and MP as you explore.


Message History

Found a stone staircase leading up.
The ogre barely misses you. The gnoll misses you.
You see here a +0 halberd.
You hit the ogre.
The ogre is lightly wounded.
The gnoll closely misses you. The ogre closely misses you.
You hit the ogre but do no damage.
The ogre is lightly wounded.
A gnoll comes into view. It is wielding a +0 spear of flaming.
The gnoll hits you with a +0 spear.
You hit the ogre.
The ogre is moderately wounded.
The ogre hits you with a +0 giant spiked club!!
* * * LOW HITPOINT WARNING * * *
The gnoll barely misses you.
You closely miss the ogre.
The ogre is moderately wounded.
The gnoll hits you with a +0 spear!
* * * LOW HITPOINT WARNING * * *
You hit the ogre.
The ogre is heavily wounded.
The ogre hits you with a +0 giant spiked club.
* * * LOW HITPOINT WARNING * * *
You closely miss the ogre.
The ogre is heavily wounded.
The gnoll misses you.
Unknown command.
You punch the ogre!
The ogre is severely wounded.
The ogre barely misses you. The gnoll hits you with a +0 spear.
* * * LOW HITPOINT WARNING * * *
You hit the ogre.
The ogre is almost dead.
The gnoll hits you with a +0 spear!
* * * LOW HITPOINT WARNING * * *
You closely miss the ogre.
The ogre is almost dead.
The ogre hits you with a +0 giant spiked club!
You die...
Your body disappears without additional glow.

* , , * , * , #.
* *, ####.# , . *
* ....., ..* * *
, ...# , ... * **
*#..#* ..# * #..#
<..#
#..#####g...#
#....)hOgg..#
#..####g##### *
#..# *.# # ,
#..####.# # *
#.....#.# *###
###..##.#.#
*,.... *
#....##.#.# ####
#.......#.# * *
#.######...#####,
*


You could see an ogre and 4 gnolls.

Vanquished Creatures
  6 yaks (D:6)
  Pargi (D:4)
  An ice beast (D:6)
  A gnoll sergeant (D:6)
  An orc priest (D:2)
  Natasha (D:2)
  A sleepcap (D:4)
  3 orc wizards
  A hell rat (Sewer)
  2 gnolls
  5 river rats (Sewer)
  4 adders
  A white imp (D:6)
  16 orcs
  4 ball pythons
  3 bats
  5 giant cockroaches
  5 goblins
  4 hobgoblins
  5 jackals (D:3)
  3 quokkas
  3 frilled lizards (D:1)
  3 kobolds
  12 rats
91 creatures vanquished.

Notes
Turn   | Place    | Note
-------+----------+-------------------------------------------
     0 | D:1      | lunkers the Meteoran Shapeshifter began the quest for the
                  | Orb.
     0 | D:1      | Reached XP level 1. HP: 16/16 MP: 2/2
   242 | D:1      | Reached XP level 2. HP: 23/23 MP: 3/3
   245 | D:1      | Reached skill level 4 in Unarmed Combat
   423 | D:1      | Reached XP level 3. HP: 26/28 MP: 4/4
   477 | D:2      | Found Oxtydohe's Distillery.
   513 | D:2      | Found Woatofon's Weapon Shoppe.
   542 | D:2      | Found a faded altar of an unknown god.
   553 | D:2      | Reached skill level 5 in Unarmed Combat
   553 | D:2      | Reached XP level 4. HP: 18/35 MP: 5/5
   607 | D:2      | Found a sparkling altar of Nemelex Xobeh.
   620 | D:2      | Became a worshipper of Nemelex Xobeh the Trickster
   625 | D:2      | Noticed Natasha
   647 | D:2      | Killed Natasha
   648 | D:2      | Reached XP level 5. HP: 3/40 MP: 6/6
   650 | D:2      | Found Nusk's Assorted Antiques.
   686 | D:2      | Reached skill level 1 in Invocations
   859 | D:3      | Found a shadowy altar of Dithmenos.
   859 | D:3      | Found a shimmering blue altar of Sif Muna.
   902 | D:3      | Reached skill level 6 in Unarmed Combat
   902 | D:3      | Reached XP level 6. HP: 47/47 MP: 8/8
  1008 | D:3      | Reached * piety under Nemelex Xobeh
  1061 | D:3      | Noticed Pargi
  1063 | D:3      | Noticed Sigmund
  1074 | D:4      | Killed Pargi
  1075 | D:4      | Reached skill level 5 in Shapeshifting
  1075 | D:4      | Reached XP level 7. HP: 44/52 MP: 8/10
  1208 | D:4      | Found a glowing drain.
  1224 | Sewer    | Entered a sewer
  1249 | Sewer    | Reached skill level 7 in Unarmed Combat
  1416 | D:4      | You fall into a shaft and drop 2 floors!
  1419 | D:6      | Noticed a yak
  1420 | D:6      | Noticed a yak
  1420 | D:6      | Noticed a yak
  1420 | D:6      | Noticed a yak
  1420 | D:6      | Noticed a yak
  1420 | D:6      | Noticed a yak
  1434 | D:6      | Killed a yak
  1439 | D:6      | Killed a yak
  1440 | D:6      | Reached skill level 8 in Unarmed Combat
  1440 | D:6      | Reached XP level 8. HP: 42/59 MP: 10/12
  1450 | D:6      | Killed a yak
  1453 | D:6      | Killed a yak
  1454 | D:6      | Reached skill level 5 in Invocations
  1457 | D:6      | Killed a yak
  1458 | D:6      | Reached skill level 9 in Unarmed Combat
  1465 | D:6      | Killed a yak
  1466 | D:6      | Gained mutation: You passively map the area around you.
                  | [Meteoran growth]
  1466 | D:6      | Reached XP level 9. HP: 41/64 MP: 12/14
  1570 | D:6      | Received a gift from Nemelex Xobeh
  1603 | D:6      | Slain by an ogre

Illustrated notes

Levels and vault maps discovered:
D:1:      roderic_chinese_lattice_arrival, layout_loops_ring,
          grunt_decor_fettered
D:2:      cheibrodos_pilgrimage, layout_basic, basic_altar, serial_shops,
          nicolae_shop_window_shopping, nicolae_shop_advertising_works
          [nicolae_subvault_shop_adworks], shop, shop, basic_ecumenical_altar,
          minmay_close_crescents, uniq_natasha
D:3:      layout_basic, gammafunk_temple_overflow_wave,
          hangedman_decor_opposing, wad_floor_pattern_1, uniq_pargi,
          uniq_sigmund
D:4:      layout_loops_cross, makhleb_altar_promises_db, portal_sewer_entry_d
D:6:      layout_loops_ring, nicolae_qazlal_beasts_of_the_sky

Skill      XL: |  1  2  3  4  5  6  7  8  9 |
---------------+----------------------------+-----
Unarmed Combat | 4 5 6 8 9 |  9.9
Shapeshifting  | 4 5 6 |  6.9
Invocations    | 1 2 4 5 6 |  6.2
Fighting       | |  1.1
Dodging        | |  2.1

Action                     |  1- 3 |  4- 6 |  7- 9 || total
---------------------------+-------+-------+-------++-------
  Melee: Unarmed           |    62 |   110 |   120 ||   292
         Punch             |     1 |     3 |     8 ||    12
    Use: Scroll            |       |       |    11 ||    11
         Potion            |       |       |     1 ||     1
 Armour: Animal skin       |    25 |       |       ||    25
         Ring mail         |       |    68 |       ||    68
         Troll leather arm |       |       |    43 ||    43
         Skin              |       |       |    23 ||    23
  Dodge: Dodged            |    35 |    69 |    51 ||   155

Table legend: (Time is in decaauts)
 A = Elapsed time spent in this place.
 B = Non-inter-level travel time spent in this place.
 C = Inter-level travel time spent in this place.
 D = Time resting spent in this place.
 E = Time spent auto-exploring this place.
 F = Levels seen in this place.
 G = Mean time per level.
                   A        B        C        D        E       F      G
               +--------+--------+--------+--------+--------+-----+--------+
         Total |   1588 |   1588 |      0 |     59 |    828 |   6 |  264.7 |
       Dungeon |   1428 |   1428 |      0 |     25 |    779 |   5 |  285.6 |
         Sewer |    159 |    159 |      0 |     34 |     49 |   1 |  159.0 |
               +--------+--------+--------+--------+--------+-----+--------+

Top non-repeatable levels by time:
     D:1: 435 daAuts
     D:3: 344 daAuts
     D:2: 268 daAuts
     D:4: 205 daAuts
     D:6: 175 daAuts
   Sewer: 159 daAuts
